Map: [ESL] Oceanborn

Players

LiquidClem (Clem)

  • Race: Terran Terran
  • League: Grandmaster
  • Spawn Location: 11:00

Astrea - Winner!

  • Race: Protoss Protoss
  • League: Master
  • Spawn Location: 5:00

Event: HomeStory Cup XXIV

VOD

Have the link to the VOD?

Description

Time

  • Played on: Dec. 1, 2023, 2:58 p.m.
  • Length: 8:50

All games in this series

Show
View Real Time Build Order
Export as new Build Order

LiquidClem Terran 

Build Orders: Reaper Expand 

Get SALT Encoding   

  12  0:00  SCV  
  13  0:12  SCV  
  14  0:17  Supply Depot  
  14  0:24  SCV  
  15  0:38  SCV  
  15  0:39  Barracks  
  15  0:42  Refinery  
  16  0:50  SCV  
  17  1:02  SCV  
  18  1:15  SCV  
  19  1:26  Reaper  
  19  1:27  Orbital Command  
  20  1:37  Command Center  
  20  1:45  Supply Depot  
  20  1:52  SCV  
  21  1:58  Marine  
  22  2:04  SCV  
  22  2:07  Factory  
  23  2:11  Bunker  
  23  2:16  SCV  
  23  2:17  Marine  
  23  2:21  Refinery  
  25  2:29  SCV  
  26  2:41  SCV  
  26  2:43  Barracks Reactor  
  27  2:49  Orbital Command  
  27  2:50  Hellion  
  29  2:53  SCV  
  29  2:55  Starport  
  30  3:05  SCV  
  31  3:09  Supply Depot  
  31  3:12  Widow Mine  
  33  3:17  SCV x2  
  35  3:21  Marine x2  
  37  3:29  SCV x2  
  37  3:31  Medivac  
  37  3:33  Widow Mine  
  42  3:37  Supply Depot  
  42  3:39  Marine x2  
  45  3:41  SCV  
  45  3:42  SCV  
  46  3:52  Barracks  
  46  3:53  SCV  
  46  3:54  SCV  
  48  3:57  Marine  
  48  3:58  Marine  
  48  4:00  Factory Tech Lab  
  48  4:01  Starport Tech Lab  
  48  4:05  SCV  
  48  4:06  Armory, SCV  
  50  4:15  Marine x2  
  52  4:17  SCV  
  52  4:18  SCV  
  52  4:21  Refinery  
  52  4:23  Supply Depot  
  57  4:25  Barracks  
  57  4:28  Raven  
  57  4:29  SCV  
  57  4:30  SCV  
  58  4:33  Marine x2  
  60  4:41  Engineering Bay, SCV  
  60  4:44  SCV  
  60  4:51  Marine  
  60  4:52  Marauder  
  63  4:53  Stimpack  
  63  4:54  SCV  
  63  4:56  SCV  
  63  4:57  Marine  
  63  4:59  Supply Depot  
  66  5:00  Refinery  
  66  5:01  Factory Reactor  
  66  5:06  SCV  
  67  5:08  Starport Reactor, Terran Infantry Weapons Level 1  
  67  5:09  Marine  
  67  5:11  SCV  
  67  5:12  Supply Depot  
  69  5:14  Marine  
  69  5:17  Marauder  
  69  5:20  Supply Depot  
  69  5:21  SCV  
  69  5:23  Combat Shield  
  69  5:27  Marine, Marauder  
  72  5:32  Marine  
  73  5:41  Command Center  
  73  5:44  Marauder, Marine  
  73  5:47  Medivac  
  73  5:49  Medivac  
  80  5:52  Widow Mine  
  80  5:53  Widow Mine  
  84  5:57  Marine, Supply Depot  
  84  6:02  Marauder, Marine  
  88  6:06  SCV x2  
  88  6:07  Marauder  
  92  6:15  Widow Mine  
  94  6:19  SCV, Widow Mine, Supply Depot  
  94  6:22  Medivac x2, Marine  
  102  6:29  Supply Depot  
  102  6:31  Marine  
  102  6:32  Marauder x2  
  107  6:42  Command Center  
  107  6:45  Widow Mine  
  107  6:46  Widow Mine  
  111  6:49  Marine  
  112  6:54  Marauder x2  
  112  6:59  SCV x2  
  117  7:03  Medivac x2  
  117  7:04  SCV  
  117  7:14  SCV  
  118  7:16  Barracks x2  
  114  7:23  Marine x2  
  114  7:24  Marauder, SCV  
  114  7:29  Widow Mine x2  
  117  7:33  Medivac, Marauder  
  119  7:37  Viking  
  119  7:38  SCV  
  120  7:45  SCV  
  120  7:48  Command Center  
  121  7:53  Marine x2  
  121  7:55  Marauder x2, Widow Mine x2  
  121  7:57  SCV  
  122  7:59  Supply Depot  
  119  8:05  Barracks Tech Lab  
  119  8:06  Barracks Reactor  
  119  8:08  Barracks Tech Lab  
  119  8:09  SCV  
  115  8:15  Orbital Command  
  115  8:16  Marauder x2  
  115  8:17  Widow Mine  
  115  8:18  Marine  
  115  8:19  Marine, SCV  
  118  8:21  SCV  
  118  8:22  Widow Mine  
  118  8:25  Marauder  
  122  8:28  Marauder  
  126  8:35  SCV  
  126  8:36  SCV  
Show
View Real Time Build Order
Export as new Build Order

Astrea Protoss - Winner!

Build Orders: 1 Gate Expand, Phoenix Opening, Blink Stalkers, Colossus Rush 

Get SALT Encoding   

  12  0:00  Probe  
  13  0:12  Probe  
  14  0:16  Pylon  
  14  0:24  Probe (Chrono Boost)  
  16  0:35  Gateway  
  16  0:36  Probe (Chrono Boost)  
  16  0:41  Probe (Chrono Boost)  
  16  0:44  Assimilator  
  17  0:51  Probe  
  18  1:03  Probe  
  19  1:15  Probe  
  20  1:22  Cybernetics Core  
  20  1:29  Nexus  
  20  1:33  Probe  
  21  1:40  Pylon  
  21  1:46  Probe  
  22  1:49  Assimilator  
  22  1:55  Adept (Chrono Boost)  
  22  1:58  Probe  
  22  2:00  Warp Gate  
  25  2:10  Probe  
  26  2:15  Adept (Chrono Boost)  
  26  2:22  Probe  
  29  2:34  Probe  
  30  2:43  Twilight Council  
  30  2:44  Probe (Chrono Boost)  
  30  2:50  Probe (Chrono Boost)  
  32  2:56  Probe (Chrono Boost)  
  33  3:01  Probe (Chrono Boost)  
  33  3:02  Sentry, Probe (Chrono Boost)  
  33  3:04  Gateway  
  37  3:10  Probe  
  37  3:11  Probe  
  39  3:18  Blink (Chrono Boost)  
  39  3:22  Probe  
  39  3:23  Probe  
  39  3:35  Probe x2  
  39  3:39  Phoenix  
  41  3:42  Nexus  
  41  3:47  Probe  
  42  3:50  Stalker  
  42  3:51  Probe  
  45  3:59  Robotics Facility, Probe  
  45  4:02  Pylon  
  46  4:04  Pylon  
  46  4:13  Assimilator  
  46  4:15  Assimilator  
  46  4:20  Stalker x2, Probe x2  
  52  4:32  Probe x2  
  54  4:44  Probe x2  
  56  4:48  Stalker x2  
  58  4:54  Probe  
  58  4:56  Probe x2  
  58  4:58  Observer (Chrono Boost)  
  61  5:06  Robotics Bay, Probe  
  62  5:08  Probe x2  
  62  5:13  Stalker x2  
  68  5:18  Probe  
  68  5:20  Probe x2  
  71  5:23  Observer (Chrono Boost)  
  71  5:27  Shield Battery  
  72  5:28  Pylon  
  72  5:30  Probe  
  72  5:32  Probe x2  
  75  5:36  Pylon  
  73  5:43  Probe  
  73  5:44  Probe x2  
  73  5:46  Shield Battery  
  76  5:50  Colossus (Chrono Boost)  
  76  5:55  Probe  
  76  5:56  Probe  
  76  5:57  Charge, Gateway  
  84  6:00  Gateway  
  84  6:02  Extended Thermal Lance  
  84  6:03  Probe  
  85  6:04  Gateway  
  85  6:08  Pylon  
  85  6:17  Sentry  
  86  6:18  Zealot  
  86  6:24  Gateway  
  88  6:26  Gateway, Observer  
  88  6:28  Gateway, Colossus (Chrono Boost)  
  94  6:35  Shield Battery  
  94  6:37  Pylon  
  94  6:40  Zealot x2  
  94  6:41  Pylon  
  96  6:57  Stalker x2  
  98  7:07  Zealot x3, Warp Prism (Chrono Boost)  
  104  7:11  Pylon  
  104  7:13  Pylon  
  104  7:21  Zealot x4  
  92  7:30  Stalker x4  
  100  7:40  Colossus (Chrono Boost)  
  109  7:46  Zealot x4  
  112  8:03  Stalker x4  
  120  8:12  Stalker x4  
  122  8:20  Observer  
  118  8:31  Stalker x4  
  126  8:37  Pylon, Stalker x3  
Tags
 
Add a new tag
Caveats
  • Supply blocks, unpowered buildings, or Contaminate may cause inaccurate times.
  • Supply counts are checked every 10 seconds.